 Dungeon Crawl Stone Soup version 0.28.0 (webtiles) character file.

Game seed: 1783298067650324636

200 horus123 the Gusty (level 5, -1/38 HPs)
             Began as a Demonspawn Wanderer on Feb 15, 2022.
             Slain by an ogre (15 damage)
             ... on level 4 of the Dungeon.
             The game lasted 00:06:47 (3788 turns).

horus123 the Gusty (Demonspawn Wanderer)            Turns: 3788, Time: 00:06:47

Health: -1/38      AC:  3    Str: 11    XL:     5   Next: 49%
Magic:  9/9        EV: 11    Int: 16    God:
Gold:   89         SH: 11    Dex: 13    Spells: 9/10 levels left

rFire   . . .      SeeInvis .   o - +1 morningstar
rCold   . . .      Faith    .   d - +2 buckler
rNeg    . . .      Spirit   .   c - +0 robe
rPois   .          Reflect  +   (no helmet)
rElec   .          Harm     .   (no cloak)
rCorr   .          Rampage  .   g - +0 pair of gloves
Will    .....                   (no boots)
Stlth   +.........              e - amulet of reflection
HPRegen 0.12/turn               (no ring)
MPRegen 0.11/turn               (no ring)

@: no status effects
A: powered by pain 1, spiny 1, weakness stinger 1
a: no special abilities


You were on level 4 of the Dungeon.
You visited 1 branch of the dungeon, and saw 4 of its levels.

You collected 89 gold pieces.

Inventory:

Hand Weapons
 h - a +0 vorpal short sword
 i - a +2 whip of venom
 o - a +1 morningstar (weapon)
Armour
 c - a +0 robe (worn)
 d - a +2 buckler (worn)
 g - a +0 pair of gloves (worn)
Jewellery
 e - an amulet of reflection (around neck)
Scrolls
 b - a scroll of fog
 k - 2 scrolls of teleportation
 n - a scroll of noise {unknown}
Potions
 a - a potion of magic {unknown}
 f - a potion of haste {unknown}
 j - a potion of lignification {unknown}


   Skills:
 - Level 2.0 Fighting
 - Level 1.0 Armour
 - Level 1.0 Dodging
 - Level 2.6 Shields
 - Level 3.0 Spellcasting
 - Level 1.0 Conjurations
 + Level 3.8 Air Magic
 - Level 1.2 Invocations


You had 9 spell levels left.
You knew the following spells:

 Your Spells              Type           Power      Damage    Failure   Level
a - Shock                 Conj/Air       40%        1d5       9%          1

Your spell library contained the following spells:

 Spells                   Type           Power      Damage    Failure   Level
 Swiftness                Air            14%        N/A       16%         3
 Airstrike                Air            7%         N/A       45%         4
 Dazzling Flash           Conj/Hex       8%         N/A       52%         3


Dungeon Overview and Level Annotations

Branches:
Dungeon (4/15)
 Temple: D:4-7

Altars:
Ru
Vehumet


Innate Abilities, Weirdness & Mutations

You sometimes gain a little power by taking damage.
You are partially covered in sharp spines.
You have a small tail.


Message History

The ogre is heavily wounded.
The zap misses the adder.
The zap hits the ogre.
The ogre is heavily wounded.
The zap hits the adder.
The adder is severely wounded.
The zap hits the ogre.
The ogre is severely wounded.
The zap hits the adder.
You kill the adder!
The ogre is struck by your spines. The ogre closely misses you.
You puncture the ogre!
You kill the ogre!
Your Air Magic skill increases to level 3!
You have reached level 5!
You start resting.
Magic restored.
You see here a +0 giant club.
You see here an adder corpse.
An ogre comes into view. It is wielding a +0 giant spiked club.
The zap misses the ogre.
The zap hits the ogre.
The ogre is lightly wounded.
The zap hits the ogre.
The ogre is lightly wounded.
The zap hits the ogre.
The ogre is moderately wounded.
The zap hits the ogre.
The ogre is heavily wounded.
The zap hits the ogre.
The ogre is severely wounded.
The ogre hits you with a +0 giant spiked club!!
Ouch! That really hurt!
You focus on the pain.
You feel your power returning.
You are too injured to fight recklessly!
You are too injured to fight recklessly!
You hit the ogre.
The ogre is almost dead.
The ogre hits you with a +0 giant spiked club!
You die...

.....##########
...............
................
................
................
...............
......O........
#...@.(.....
##...####...
#...# #..## ##.#
#†# ......# #)#
#.....# ##.#
#.....## #..##
#......#


You could see an ogre.

Vanquished Creatures
  An ogre (D:4)
  An orc wizard (D:3)
  3 adders
  3 dart slugs (D:1)
  3 orcs (D:3)
  3 ball pythons
  7 bats
  4 endoplasms
  3 giant cockroaches
  6 hobgoblins
  4 kobolds
  4 quokkas
  A frilled lizard (D:2)
  3 goblins
  5 rats
51 creatures vanquished.

Notes
Turn   | Place    | Note
-------+----------+-------------------------------------------
     0 | D:1      | horus123 the Demonspawn Wanderer began the quest for the
                  | Orb.
     0 | D:1      | horus123 set off with the following items: a +0 dagger, a
                  | scroll of fog, a +0 robe, a +2 buckler; and the following
                  | spell memorised: Shock; and the following spells available
                  | to memorise: Dazzling Flash
     0 | D:1      | Reached XP level 1. HP: 16/16 MP: 2/2
   444 | D:1      | Gained mutation: You are partially covered in sharp spines.
                  | [demonic ancestry]
   444 | D:1      | Reached XP level 2. HP: 22/22 MP: 1/5
  1476 | D:2      | Discovered your monstrous ancestry.
  1476 | D:2      | Gained mutation: You have a small tail. [demonic ancestry]
  1476 | D:2      | Reached XP level 3. HP: 27/27 MP: 4/7
  2088 | D:2      | Reached skill level 1 in Air Magic
  2647 | D:3      | Found a sacrificial altar of Ru.
  2652 | D:3      | Found a radiant altar of Vehumet.
  2877 | D:3      | Gained mutation: You sometimes gain a little power by
                  | taking damage. [demonic ancestry]
  2877 | D:3      | Reached XP level 4. HP: 13/33 MP: 0/8
  3711 | D:4      | Noticed an ogre
  3725 | D:4      | Killed an ogre
  3726 | D:4      | Reached XP level 5. HP: 38/38 MP: 3/9
  3781 | D:4      | Noticed an ogre
  3788 | D:4      | Slain by an ogre

Illustrated notes

Levels and vault maps discovered:
D:1:      minmay_arrival_four_circles, layout_basic
D:2:      layout_basic
D:3:      layout_loops_cross, nicolae_overflow_hidden_temple
D:4:      layout_layer_cave, grunt_decor_fettered, roderic_nine_men_s_morris,
          uniq_pargi

Skill      XL: |  1  2  3  4 |
---------------+-------------+-----
Spellcasting   | 2 3 |  3.0
Air Magic      | 2 3 |  3.8
Fighting       | |  2.0
Armour         | |  1.0
Dodging        | |  1.0
Shields        | |  2.6
Conjurations   | |  1.0
Invocations    | |  1.2

Action                   |  1- 3 |  4- 6 || total
-------------------------+-------+-------++-------
Melee: Dagger            |    55 |       ||    55
       Short sword       |    13 |       ||    13
       Tailslap          |     2 |       ||     2
       Morningstar       |       |     2 ||     2
 Cast: Shock             |    81 |    24 ||   105
  Use: Scroll            |     3 |     2 ||     5
Armor: Robe              |    10 |       ||    10
Dodge: Dodged            |    38 |     1 ||    39
Block: Buckler           |    31 |       ||    31
